 Seeded DCSS version 0.27.1-34-g3ba077fa99 (webtiles) character file.

Game seed: 1001837481477946641 (custom seed)

15 voltaire321 the Poker (level 2, -1/22 HPs)
             Began as a Merfolk Gladiator on Jan 9, 2022.
             Slain by a goblin (3 damage)
             ... on level 1 of the Dungeon.
             The game lasted 00:01:45 (380 turns).

voltaire321 the Poker (Merfolk Gladiator)            Turns: 380, Time: 00:01:46

Health: -1/22      AC:  4    Str: 14    XL:     2   Next: 50%
Magic:  2/2        EV: 10    Int:  7    God:
Gold:   484        SH:  0    Dex: 15    Spells: 1/1 levels left

rFire    . . .     SeeInvis .   a - +0 trident
rCold    . . .     Faith    .   (no shield)
rNeg     . . .     Spirit   .   b - +0 leather armour
rPois    .         Reflect  .   c - +0 helmet
rElec    .         Harm     .   (no cloak)
rCorr    .         Rampage  .   (no gloves)
Will     .....                  (no boots)
Stlth    +.........             (no amulet)
HPRegen  0.07/turn              (no ring)
MPRegen  0.08/turn              (no ring)

@: constricted
A: (nimble swimmer 2), mertail
a: no special abilities


You were on level 1 of the Dungeon.
You visited 1 branch of the dungeon, and saw 1 of its levels.

You collected 484 gold pieces.

Inventory:

Hand Weapons
 a - a +0 trident (weapon)
Missiles
 d - 3 throwing nets (quivered)
Armour
 b - a +0 leather armour (worn)
 c - a +0 helmet (worn)
Scrolls
 e - 2 scrolls of amnesia {unknown}
 f - a scroll of torment {unknown}


   Skills:
 + Level 2.2 Fighting
 + Level 5.0 Polearms
 + Level 2.1 Throwing
 + Level 0.2 Armour
 + Level 4.3 Dodging


You had one spell level left.
You didn't know any spells.
Your spell library was empty.

Dungeon Overview and Level Annotations

Branches:
Dungeon (1/15)

Altars:


Innate Abilities, Weirdness & Mutations

((You are quick and stealthy near water. (Stealth+, EV+, Speed+++)))
Your lower body shifts to a powerful aquatic tail in water.


Message History

The ball python bites you but does no damage.
The ball python barely misses you. The hobgoblin barely misses you.
The goblin misses you. The goblin closely misses you.
The ball python bites you but does no damage.
The ball python grabs you. The ball python constricts you.
The hobgoblin hits you. The goblin hits you but does no damage.
The ball python closely misses you. The ball python constricts you.
The hobgoblin barely misses you. The goblin hits you with a +0 club.
The goblin hits you but does no damage. x2
The ball python misses you. The ball python constricts you.
The hobgoblin hits you but does no damage.
The goblin hits you but does no damage. x2; The goblin barely misses you.
The ball python bites you but does no damage.
The ball python constricts you. The ball python barely misses you.
The ball python constricts you. The hobgoblin hits you.
The goblin hits you but does no damage. The goblin barely misses you. x2
The ball python closely misses you. The ball python constricts you.
The hobgoblin closely misses you. The goblin barely misses you.
The goblin closely misses you. The goblin hits you but does no damage.
The ball python bites you but does no damage.
The ball python constricts you. The hobgoblin closely misses you.
The goblin hits you with a +0 club. The goblin barely misses you.
The goblin hits you but does no damage. The ball python barely misses you.
The ball python constricts you. The hobgoblin barely misses you.
The goblin hits you but does no damage. The goblin barely misses you.
The goblin hits you with a +0 club. The ball python barely misses you.
The ball python constricts you. The hobgoblin hits you.
* * * LOW HITPOINT WARNING * * *
The goblin hits you but does no damage. The goblin hits you with a +0 club.
* * * LOW HITPOINT WARNING * * *
The goblin hits you but does no damage.
The ball python bites you but does no damage.
The ball python constricts you. The ball python misses you.
The ball python constricts you. The hobgoblin hits you.
* * * LOW HITPOINT WARNING * * *
The goblin hits you with a +0 club.
You die...

#.#.....#########..###.
#..#..#...........#####
......## ####..>.......
.......#####..########.
?.......#...........##.
..........♣........###
..####.........P.PP♣..##
......gg.#........P....#
......g@..♣P.♣.....P...P
......Sg...♣♣..P.P....♣.
#.#####....♣.P.....P....
#..............P..
#.....P...<...P..P
#..♣...........P..
....P..P.....P....
.#.......P.P......
.P.P.......♣...


You could see a hobgoblin, 3 goblins and a ball python.

Vanquished Creatures
  A bat (D:1)
  An endoplasm (D:1)
  2 goblins (D:1)
  A hobgoblin (D:1)
  4 jackals (D:1)
  A ball python (D:1)
  A frilled lizard (D:1)
  2 kobolds (D:1)
13 creatures vanquished.

Notes
Turn   | Place    | Note
-------+----------+-------------------------------------------
     0 | D:1      | voltaire321 the Merfolk Gladiator began the quest for the
                  | Orb.
     0 | D:1      | Reached XP level 1. HP: 16/16 MP: 1/1
    28 | D:1      | Found a faded altar of an unknown god.
    51 | D:1      | Identified a scroll of acquirement
    51 | D:1      | Acquired 460 gold pieces
    93 | D:1      | Reached XP level 2. HP: 10/22 MP: 2/2
   109 | D:1      | Reached skill level 5 in Polearms
   380 | D:1      | Slain by a goblin

Illustrated notes

Levels and vault maps discovered:
D:1:      wander_arrival_fairy_ring, layout_rooms,
          ebering_ecumenical_altar_abandoned

Skill      XL: |  1  2 |
---------------+-------+-----
Polearms       | 5 |  5.0
Fighting       | |  2.2
Throwing       | |  2.1
Armour         | |  0.2
Dodging        | |  4.3

Action                   || total
-------------------------++-------
Melee: Trident           ||    34
  Use: Scroll            ||     1
Armor: Leather armour    ||    26
Dodge: Dodged            ||    57
